 Dungeon Crawl Stone Soup version 0.28.0-53-g5a82cb258f (webtiles) character file.

Game seed: 9063276073899631552

60 safid the Skirmisher (level 4, 0/40 HPs)
             Began as a Hill Orc Fighter on Aug 9, 2022.
             Killed from afar by an orc wizard (1 damage)
             ... with a puff of flame
             ... on level 3 of the Dungeon.
             The game lasted 00:02:25 (1912 turns).

safid the Skirmisher (Hill Orc Fighter)             Turns: 1912, Time: 00:02:26

Health: 0/40       AC:  7    Str: 20    XL:     4   Next: 6%
Magic:  4/4        EV:  9    Int:  8    God:
Gold:   125        SH:  0    Dex: 10    Spells: 3/3 levels left

rFire   . . .      SeeInvis .   a - +0 war axe
rCold   . . .      Faith    .   c - +0 buckler
rNeg    . . .      Spirit   .   b - +0 scale mail
rPois   .          Reflect  .   (no helmet)
rElec   .          Harm     .   (no cloak)
rCorr   .          Rampage  .   (no gloves)
Will    .....                   (no boots)
Stlth   ..........              (no amulet)
HPRegen 0.13/turn               (no ring)
MPRegen 0.09/turn               (no ring)

@: confused
A: no striking features
a: no special abilities


You were on level 3 of the Dungeon.
You visited 1 branch of the dungeon, and saw 3 of its levels.

You collected 125 gold pieces.

Inventory:

Hand Weapons
 a - a +0 war axe (weapon)
Missiles
 k - a throwing net (quivered)
Armour
 b - a +0 scale mail (worn)
 c - a +0 buckler (worn)
Scrolls
 e - a scroll of fog {unknown}
 f - 3 scrolls of identify {unknown}
 g - a scroll of silence {unknown}
 i - a scroll of noise {unknown}
 j - a scroll of magic mapping {unknown}
 l - a scroll of fear {unknown}
 o - a scroll of amnesia {unknown}
Potions
 d - a potion of might
 h - a potion of haste {unknown}
 m - a potion of invisibility {unknown}
 n - a potion of attraction {unknown}


   Skills:
 - Level 4.0 Fighting
 + Level 3.7 Axes
 - Level 4.0 Armour
 - Level 4.0 Shields


You had 3 spell levels left.
You didn't know any spells.
Your spell library contained the following spells:

 Spells                   Type           Power      Damage    Failure   Level
 Foxfire                  Conj/Fire      0%         2x1d4     85%         1
 Corpse Rot               Necr/Air       0%         N/A       94%         2
 Poisonous Vapours        Pois/Air       0%         N/A       94%         2
 Conjure Flame            Conj/Fire      0%         6-21      99%         3
 Inner Flame              Hex/Fire       0%         N/A       99%         3
 Flame Wave               Conj/Fire      0%         2d4       100%        4


Dungeon Overview and Level Annotations

Branches:
Dungeon (3/15)

Altars:


Message History

Unknown command.
Something hits you but does no damage.
The orc wizard points at you and mumbles some strange words.
The magic dart hits you.
* * * LOW HITPOINT WARNING * * *
Unknown command.
Unknown command.
You miss the orc. You miss something. The orc barely misses you.
Something hits you but does no damage. The orc wizard casts a spell at you.
You are more confused.
The orc hits you but does no damage.
Unknown command.
Unknown command.
You slash something! You miss the orc. Something hits you.
* * * LOW HITPOINT WARNING * * *
The orc misses you.
You hear some strange, mumbled words.
You are more confused.
Unknown command.
Unknown command.
You miss the orc wizard. You slash the orc!
You kill the orc!
You barely miss something.
The orc wizard hits you with a +0 dagger.
* * * LOW HITPOINT WARNING * * *
Something hits you.
* * * LOW HITPOINT WARNING * * *
The orc wizard gestures at you while chanting.
You resist with some effort.
Training target 4.0 for Armour reached!
Your Armour skill increases to level 4!
You completely miss something. You barely miss the orc wizard.
You hear some strange, mumbled words.
A magic dart appears from out of thin air!
The magic dart hits you.
* * * LOW HITPOINT WARNING * * *
The orc wizard casts a spell at you. The puff of flame hits you.
You die...

#...#... .........
#...#..# #####+#....
#...#..#... #......
##..<#..#.###+#......
#.........##.....##+#
#.........##.....##.#
#.........##......#.#
#...{o....###'#.#....
#..)@.....# #.#.#....
#...)....####.#......
.......####.......###....
............#.....# #.#.#
............#.....# #.#.#
............#.....# #.#..
.......#....##....# #.#..
###....####..+....# .....
..##...#..


You could see an orc wizard.

Vanquished Creatures
  An adder (D:2)
  A dart slug (D:1)
  3 orcs
  5 ball pythons
  4 bats
  4 endoplasms (D:2)
  4 giant cockroaches
  3 goblins (D:1)
  5 hobgoblins
  2 kobolds
  3 frilled lizards
  9 rats
44 creatures vanquished.

Notes
Turn   | Place    | Note
-------+----------+-------------------------------------------
     0 | D:1      | safid the Hill Orc Fighter began the quest for the Orb.
     0 | D:1      | Reached XP level 1. HP: 19/19 MP: 1/1
    63 | D:1      | Reached XP level 2. HP: 27/27 MP: 2/2
   594 | D:2      | Reached XP level 3. HP: 26/33 MP: 3/3
  1722 | D:3      | Reached XP level 4. HP: 17/40 MP: 4/4
  1912 | D:3      | HP: 1/40 [something/magic dart (2)]
  1912 | D:3      | Killed from afar by an orc wizard

Illustrated notes

Levels and vault maps discovered:
D:1:      eino_arrival_cavern_a, layout_rooms, minmay_cupped
D:2:      cheibrodos_helix_gallery, layout_loops_cross
D:3:      layout_basic, shapermc_ecumenical_altar_hornbeckon, uniq_sigmund

Skill      XL: |  1  2  3  4 |
---------------+-------------+-----
Axes           | 3 |  3.7
Fighting       | 4 |  4.0
Shields        | 4 |  4.0
Armour         | 4 |  4.0

Action                   |  1- 3 |  4- 6 || total
-------------------------+-------+-------++-------
Melee: War axe           |    98 |     7 ||   105
Armor: Scale mail        |    49 |     8 ||    57
Dodge: Dodged            |    52 |     4 ||    56
Block: Buckler           |    26 |       ||    26
